AoeStats
← Boudboud

MegaRandom

506518691Analyzed
1v1 RM · 19d ago on Sep 13, 2026· 41m 48s· 2 players
Game mode
Random Map
Map size
Tiny (2 player)
Population
200
Speed
Normal
Resources
Standard
Victory
Conquest
Starting age
Dark Age
Ending age
Imperial Age
RankedLock teamsTeams togetherTeam positionsShared explorationLock speedFull tech treeHidden civsTurbo modeCheats
Victory
Defeat
🇦🇷 Bulgarians · Argentina
884
+17
🇫🇷 Inca · France
908
-48
KUANCHO26
6:51 Loom
9:42 Feudal Age
17:52 Castle Age
24:19 Scale Barding Armor
30:24 Fletching
32:17 Wheelbarrow
34:20 Forging
34:11 Scale Mail Armor
34:22 Fishing Lines
34:50 Murder Holes
35:26 Squires
35:12 Gambesons
37:48 Double-Bit Axe
39:24 Town Watch
39:57 Arson
Boudboud
4:00 Loom
11:56 Feudal Age
13:32 Wheelbarrow
13:05 Champi Runner
15:22 Arson
16:38 Scale Mail Armor
16:39 Padded Archer Armor
17:29 Double-Bit Axe
19:22 Fletching
21:25 Forging
21:51 Horse Collar
22:45 Town Watch
25:57 Castle Age
25:52 Gold Mining
26:29 Crossbowman
26:31 Champi Warrior
27:12 Squires
28:27 Leather Archer Armor
28:00 Pikeman
30:02 Murder Holes
33:04 Chain Mail Armor
33:24 Iron Casting
35:23 Ballistics
36:17 Heavy Plow
36:30 Bow Saw
38:34 Thumb Ring
Connection lost

Rejoining the realm…

Still unreachable

The connection could not be restored.

Session expired

The server has moved on; the page needs a fresh start.